AoeStats
← Nare Vent

Nomad

504450071Analyzed
2v2 RM · 27d ago on Sep 5, 2026· 38m 28s· 4 players
Game mode
Random Map
Map size
176×176
Population
200
Speed
Normal
Resources
Standard
Victory
Conquest
Starting age
Dark Age
Ending age
Imperial Age
RankedLock teamsTeams togetherTeam positionsShared explorationLock speedFull tech treeHidden civsTurbo modeCheats
Victory
Defeat
🇨🇳 Japanese · China
1111
+15
🇨🇳 Burgundians · China
1107
+15
🇳🇱 Ethiopians · Netherlands
1086
-15
🇩🇪 Goths · Germany
1086
-15
Moitzie
13:45 Feudal Age
12:02 Loom
14:54 Horse Collar
15:50 Town Watch
17:39 Fletching
17:50 Padded Archer Armor
26:00 Castle Age
25:40 Wheelbarrow
27:10 Thumb Ring
26:25 Crossbowman
27:51 Bodkin Arrow
28:18 Leather Archer Armor
29:40 Hand Cart
31:51 Double-Bit Axe
32:42 Squires
38:57 Ballistics
Nare Vent
2:53 Loom
14:51 Feudal Age
15:39 Man-at-Arms
20:57 Castle Age
21:18 Long Swordsman
22:12 Double-Bit Axe
22:50 Forging
23:37 Horse Collar
24:41 Pikeman
26:19 Heavy Plow
26:33 Scale Mail Armor
26:46 Squires
27:45 Chain Mail Armor
27:42 Town Watch
32:43 Iron Casting
35:44 Fletching
37:32 Wheelbarrow
我是小菜鸡
10:34 Double-Bit Axe
17:34 Feudal Age
19:52 Gold Mining
22:49 Castle Age
24:21 Scale Barding Armor
23:40 Cavalier
25:08 Forging
26:47 Chain Barding Armor
28:25 Iron Casting
29:48 Husbandry
39:06 Bow Saw
1830551726
14:17 Feudal Age
15:10 Loom
16:03 Man-at-Arms
19:06 Fishing Lines
19:14 Double-Bit Axe
21:45 Castle Age
26:02 Scale Mail Armor
26:12 Forging
26:06 Squires
26:58 Wheelbarrow
26:40 Gold Mining
27:04 Bow Saw
26:52 Arson
28:24 Iron Casting
28:58 Hand Cart
30:16 Gillnets
30:46 Treadmill Crane
35:29 Chain Mail Armor
38:05 Imperial Age
35:24 Town Watch
35:36 Gambesons
36:37 Horse Collar
38:09 Elite Samurai
39:12 Conscription
Connection lost

Rejoining the realm…

Still unreachable

The connection could not be restored.

Session expired

The server has moved on; the page needs a fresh start.